 Dungeon Crawl Stone Soup version 0.31-a0-524-g2a164cf6a2 (webtiles) character file.

Game seed: 8299291882314851888

3836 AdnanSaban the Basher (level 10, -13/63 HPs)
             Began as a Gargoyle Fighter on Aug 12, 2023.
             Mangled by a two-headed ogre
             ... wielding a +0 giant club
              (16 damage)
             ... on level 8 of the Dungeon.
             The game lasted 00:06:09 (6813 turns).

AdnanSaban the Basher (Gargoyle Fighter)            Turns: 6813, Time: 00:06:09

Health: -13/63     AC: 17    Str: 23    XL:     10   Next: 18%
Magic:  10/10      EV:  9    Int: 10    God:
Gold:   473        SH:  5    Dex:  9    Spells: 9/9 levels left

rFire   . . .        a - +8 flail
rCold   . . .        c - +0 buckler
rNeg    + . .        H - +0 chain mail
rPois   ∞            (no helmet)
rElec   +            (no cloak)
rCorr   .            (no gloves)
SInv    .            (no boots)
Will    .....        (no amulet) Stlth
                     (no ring)
HPRegen 0.30/turn    (no ring)
MPRegen 0.12/turn

%: no passive effects
@: studying Unarmed Combat
A: sickness immunity, AC +7, negative energy resistance 1, electricity
resistance, torment resistance 1, petrification resistance
a: no special abilities


You were on level 8 of the Dungeon.
You visited 2 branches of the dungeon, and saw 9 of its levels.

You collected 473 gold pieces.

Inventory:

Hand Weapons
 a - a +8 flail (weapon)
Missiles
 b - 6 curare-tipped darts
 i - 14 poisoned darts
 s - 2 atropa-tipped darts
 t - 9 boomerangs
Armour
 c - a +0 buckler (worn)
 H - a +0 chain mail (worn)
Jewellery
 p - a ring of willpower
 w - a ring of protection from cold
 y - a ring of resist corrosion
Wands
 n - a wand of flame (64)
 v - a wand of mindburst (12)
 G - a wand of paralysis (3)
Scrolls
 e - a scroll of fog {unknown}
 f - a scroll of poison {unknown}
 g - 5 scrolls of identify {unknown}
 h - a scroll of enchant armour {unknown}
 j - a scroll of revelation {unknown}
 l - 2 scrolls of silence {unknown}
 m - a scroll of fear {unknown}
 o - 2 scrolls of torment {unknown}
 u - a scroll of noise {unknown}
 x - 2 scrolls of amnesia {unknown}
 C - 2 scrolls of blinking {unknown}
 D - a scroll of immolation {unknown}
Potions
 d - 2 potions of might
 k - 2 potions of curing {unknown}
 q - a potion of lignification {unknown}
 r - a potion of magic {unknown}
 z - 2 potions of haste {unknown}
 A - a potion of enlightenment {unknown}
 B - 2 potions of heal wounds {unknown}
 E - 2 potions of degeneration {unknown}
 F - a potion of resistance {unknown}


   Skills:
 + Level 7.4 Fighting
 + Level 10.4 Maces & Flails
 + Level 6.7 Armour
 + Level 3.1 Dodging
 + Level 0.8 Stealth
 + Level 5.7 Shields


You had 9 spell levels left.
You didn't know any spells.
Your spell library contained the following spells:

 Spells                   Type           Power      Damage    Failure   Level
 Wereblood                Tmut           0%         N/A       98%         2
 Dazzling Flash           Conj/Hex       0%         N/A       100%        3
 Tukima's Dance           Hex            0%         N/A       100%        3
 Passage of Golubria      Tloc           0%         N/A       100%        4
 Agony                    Necr           0%         N/A       100%        5
 Irradiate                Conj/Tmut      0%         3d11      100%        5
 Silence                  Hex/Air        0%         N/A       100%        5
 Yara's Violent Unravell  Hex/Tmut       0%         3d3       100%        5


Dungeon Overview and Level Annotations

Branches:
Dungeon (8/15)             Temple (1/1) D:7
   Lair: D:8-11

Altars:
Ashenzari
Dithmenos
Fedhas
Gozag
Hepliaklqana
Kikubaaqudgha
Makhleb
Nemelex Xobeh
Qazlal
Sif Muna
Trog
Xom
Yredelemnul
Zin
The Shining One

Shops:
D:4 *


Innate Abilities, Weirdness & Mutations

You are immune to sickness and miasma.
Your stone body is resilient. (AC +7)
You are immune to poison.
You resist negative energy. (rN+)
You are resistant to electric shocks. (rElec)
You are resistant to unholy torment.
You are immune to petrification.


Message History

You kill the orc priest!
You sock the two-headed ogre!
The two-headed ogre is lightly wounded.
The two-headed ogre hits you with a +0 giant club.
The two-headed ogre hits you but does no damage.
You barely miss the two-headed ogre.
The two-headed ogre is lightly wounded.
You sock the two-headed ogre!
The two-headed ogre is moderately wounded.
The two-headed ogre hits you with a +0 giant club!
The two-headed ogre hits you with a +0 dire flail.
* * * LOW HITPOINT WARNING * * *
You are too injured to fight recklessly!
You are too injured to fight recklessly!
You are too injured to fight recklessly!
You are too injured to fight recklessly!
You are too injured to fight recklessly!
You are too injured to fight recklessly!
You are too injured to fight recklessly!
You are too injured to fight recklessly!
You are too injured to fight recklessly!
You are too injured to fight recklessly!
You are too injured to fight recklessly!
You are too injured to fight recklessly!
You are too injured to fight recklessly!
You are too injured to fight recklessly!
You are too injured to fight recklessly!
You are too injured to fight recklessly!
You are too injured to fight recklessly!
You are too injured to fight recklessly!
You are too injured to fight recklessly!
You are too injured to fight recklessly!
You are too injured to fight recklessly!
You are too injured to fight recklessly!
Unknown command.
The two-headed ogre attacks as you move away!
The two-headed ogre hits you with a +0 giant club!
* * * LOW HITPOINT WARNING * * *
The two-headed ogre hits you with a +0 dire flail!
You die...

...........
........< ........
...... #.... ..o #.
#o# .........# #.#
#O# .........# #.#
#@# ......8..###.#
#.# ....88...
#..###.# # ......8.
#.P..#.#.# .......
#........#
#....#####........#
#)...##........#
#8.8.###.###.###
#...8###)###.###


You could see a two-headed ogre and 2 orcs.

Vanquished Creatures
  A hornet (D:7)
  A steam dragon (D:7)
  A water moccasin (D:6)
  A hornet zombie (D:8)
  An ice beast (D:6)
  2 orc warriors
  A sky beast (D:6)
  A black bear (D:6)
  A centaur (D:5)
  4 phantoms
  A kobold brigand (D:6)
  2 bullfrogs
  4 scorpions
  2 necrophages (D:5)
  A water moccasin zombie (D:5)
  15 wights
  4 centaur zombies
  2 hounds (D:5)
  5 orc priests
  2 jellies
  3 iguanas
  3 sleepcaps
  A human zombie (D:5)
  2 scorpion zombies (D:5)
  6 orc wizards
  5 killer bee zombies
  A mummy (D:5)
  4 gnolls (D:2)
  A howler monkey zombie (D:8)
  6 adders
  A white imp (D:6)
  4 ufetubi
  2 worms
  3 dart slugs
  19 orcs
  6 endoplasms
  2 giant cockroaches
  5 goblins
  5 hobgoblins
  14 kobolds
  5 quokkas
  10 ball pythons
  10 bats
  2 frilled lizards (D:2)
  5 rats
177 creatures vanquished.

Notes
Turn   | Place    | Note
-------+----------+-------------------------------------------
     0 | D:1      | AdnanSaban the Gargoyle Fighter began the quest for the
                  | Orb.
     0 | D:1      | Reached XP level 1. HP: 14/14 MP: 1/1
   110 | D:1      | Reached XP level 2. HP: 6/19 MP: 2/2
   587 | D:1      | Reached XP level 3. HP: 20/23 MP: 3/3
  1002 | D:2      | Noticed a scorpion
  1007 | D:2      | Killed a scorpion
  1008 | D:2      | Reached skill level 3 in Maces & Flails
  1008 | D:2      | Reached XP level 4. HP: 21/29 MP: 4/4
  1329 | D:2      | Reached XP level 5. HP: 33/33 MP: 5/5
  1602 | D:2      | Reached skill level 1 in Dodging
  1939 | D:3      | You fall into a shaft and drop 1 floor!
  2228 | D:3      | Reached skill level 4 in Maces & Flails
  2228 | D:3      | Reached XP level 6. HP: 38/38 MP: 6/6
  3225 | D:4      | Found Sinogu's Fire Supplies.
  3533 | D:5      | Entered Level 5 of the Dungeon
  3656 | D:5      | Reached XP level 7. HP: 44/44 MP: 7/7
  3694 | D:5      | Reached skill level 5 in Maces & Flails
  3770 | D:5      | Reached skill level 5 in Armour
  3797 | D:5      | Reached skill level 5 in Fighting
  3871 | D:5      | Reached skill level 6 in Maces & Flails
  3871 | D:5      | Reached XP level 8. HP: 49/49 MP: 8/8
  3873 | D:5      | Found an ancient bone altar of Kikubaaqudgha.
  3979 | D:5      | Found a shimmering blue altar of Sif Muna.
  4407 | D:5      | Found a shimmering altar of Xom.
  4408 | D:5      | Found a hazy altar of Hepliaklqana.
  4409 | D:5      | Noticed a spectral ugly thing
  4649 | D:6      | Reached skill level 7 in Maces & Flails
  4658 | D:6      | Reached skill level 5 in Shields
  4861 | D:6      | Found a basalt altar of Yredelemnul.
  4917 | D:6      | Reached skill level 8 in Maces & Flails
  4917 | D:6      | Reached XP level 9. HP: 55/55 MP: 9/9
  5311 | D:7      | Found a staircase to the Ecumenical Temple.
  5348 | Temple   | Entered the Ecumenical Temple
  5775 | D:7      | Reached skill level 9 in Maces & Flails
  6194 | D:7      | Noticed a hornet
  6200 | D:7      | Killed a hornet
  6421 | D:8      | Reached skill level 10 in Maces & Flails
  6421 | D:8      | Reached XP level 10. HP: 59/63 MP: 10/10
  6796 | D:8      | Noticed a two-headed ogre
  6813 | D:8      | HP: 3/63 [two-headed ogre/+0 giant club (11)]
  6813 | D:8      | Mangled by a two-headed ogre

Illustrated notes

Levels and vault maps discovered:
D:1:      erik_arrival_triangle_medium, layout_loops_corners, minmay_tromino_i4
D:2:      layout_loops_corners, columned_hall_lemuel
D:3:      layout_loops_ring, minmay_misc_feat_more_columns
D:4:      layout_cave_pools, nicolae_shop_fire_sale [nicolae_sub_dead_trees]
D:5:      layout_basic, regret_index_temple_of_mockery,
          mainiacjoe_overflow_chevrons, lemuel_mausoleum_altar_kikubaaqudgha
D:6:      layout_loops_cross, lemuel_zombie_altar_yredelemnul
D:7:      layout_basic, minmay_temple_entry_antechambers, minivault_19
D:8:      layout_basic, nicolae_overflow_crystal_walls,
          mainiacjoe_overflow_concentric_impassable, serial_undead,
          serial_undead_a, serial_undead_e, serial_undead_c, serial_undead_d,
          serial_undead_c, serial_undead_e, serial_undead_b, serial_undead_b,
          serial_undead_c, serial_undead_c
Temple:   cyrus_temple_forest

Skill      XL: |  1  2  3  4  5  6  7  8  9 |
---------------+----------------------------+-----
Maces & Flails | 3 4 6 8 10 | 10.4
Fighting       | 4 5 6 7 |  7.4
Armour         | 4 5 6 |  6.7
Dodging        | 1 2 3 |  3.1
Shields        | 4 5 |  5.7
Stealth        | |  0.8

Action                     |  1- 3 |  4- 6 |  7- 9 | 10-12 || total
---------------------------+-------+-------+-------+-------++-------
  Melee: Flail             |    97 |   237 |   238 |    55 ||   627
         Mace              |       |       |    45 |       ||    45
 Armour: Scale mail        |    66 |   118 |   134 |       ||   318
         Chain mail        |       |       |       |    21 ||    21
  Dodge: Dodged            |    49 |    75 |   138 |    16 ||   278
  Block: Buckler           |    19 |    48 |    59 |    15 ||   141

Table legend: (Time is in decaauts)
 A = Elapsed time spent in this place.
 B = Non-inter-level travel time spent in this place.
 C = Inter-level travel time spent in this place.
 D = Time resting spent in this place.
 E = Time spent auto-exploring this place.
 F = Levels seen in this place.
 G = Mean time per level.
                   A        B        C        D        E       F      G
               +--------+--------+--------+--------+--------+-----+--------+
         Total |   6916 |   6595 |    321 |     50 |   5124 |   9 |  768.4 |
       Dungeon |   6801 |   6504 |    297 |      0 |   5124 |   8 |  850.1 |
        Temple |    115 |     91 |     24 |     50 |      0 |   1 |  115.0 |
               +--------+--------+--------+--------+--------+-----+--------+

Top non-repeatable levels by time:
     D:2: 1075 daAuts
     D:5: 1062 daAuts
     D:3: 1018 daAuts
     D:7: 962 daAuts
     D:1: 952 daAuts
     D:6: 737 daAuts
     D:4: 570 daAuts
     D:8: 420 daAuts
  Temple: 115 daAuts
